 Dungeon Crawl Stone Soup version 0.30-a0-847-g17996783a1 (webtiles) character file.

Game seed: 14922158741438398400

100533 jasper the Thaumaturge (level 15, -5/124 HPs)
             Began as a Demonspawn Air Elementalist on Mar 3, 2023.
             Was an Elder of Sif Muna.
             Slain by a spriggan rider
             ... wielding a +0 spear
              (16 damage)
             ... on level 1 of the Swamp.
             The game lasted 00:57:29 (34315 turns).

jasper the Thaumaturge (DsAE)                      Turns: 34315, Time: 00:57:29

Health: -5/124     AC: 16    Str:  6    XL:     15   Next: 80%
Magic:  23/41      EV: 19    Int: 32    God:    Sif Muna [****..]
Gold:   1676       SH:  5    Dex: 17    Spells: 11/40 levels left

rFire   + + .      SeeInvis .    x - staff of earth
rCold   . . .      Faith    +    V - +0 buckler {AC+3}
rNeg    . . .      Spirit   .    I - +1 steam dragon scales
rPois   +          Reflect  .    c - +1 helmet
rElec   +          Rampage  +    R - +0 cloak {rPois}
rCorr   .                        s - +0 pair of gloves
Will    +....                    b - +2 pair of boots {rampage}
Stlth   +                        W - amulet of faith
HPRegen 0.40/turn                S - +6 ring of intelligence
MPRegen 0.27/turn                G - ring "Etogup" {rElec rF++ MP+9 Dex+3 Stlth-}

@: liquefying, slowed movement, very slow
A: claws 2, demonic guardian 2, ignite blood 2, big brain 1, weak 1
a: Renounce Religion, Channel Magic, Forget Spell, Divine Exegesis


You were on level 1 of the Swamp.
You worshipped Sif Muna.
Sif Muna was greatly pleased with you.
You visited 4 branches of the dungeon, and saw 23 of its levels.

You collected 2322 gold pieces.
You spent 646 gold pieces at shops.

Inventory:

Hand Weapons
 g - a +2 dagger of draining
Missiles
 p - 3 javelins
 r - 15 poisoned darts
 D - 5 throwing nets
Armour
 b - a +2 pair of boots of rampaging (worn)
 c - a +1 helmet (worn)
 d - a +0 kite shield
 k - a +0 pair of boots
 s - a +0 pair of gloves (worn)
 I - +1 steam dragon scales (worn)
 R - a +0 cloak of poison resistance (worn)
 V - a +0 buckler of protection (worn)
Magical Staves
 x - a staff of earth (weapon)
Jewellery
 i - a +5 ring of evasion
 q - a ring of willpower
 y - a ring of magical power
 C - a ring of protection from fire
 G - the ring "Etogup" (right hand) {rElec rF++ MP+9 Dex+3 Stlth-}
   (You found it on level 8 of the Dungeon)

   [ring of magical power]

   Dex:       It affects your dexterity (+3).
   rF:        It greatly protects you from fire.
   rElec:     It insulates you from electricity.
   MP:        It affects your magic capacity (+9).
   Stlth:     It makes you less stealthy.
 Q - a ring of magical power
 S - a +6 ring of intelligence (left hand)
 U - a ring of fire
 W - an amulet of faith (around neck)
Wands
 e - a wand of acid (2)
 t - a wand of digging (6)
 v - a wand of paralysis (8)
 H - a wand of flame (34)
 M - a wand of iceblast (8)
Scrolls
 a - 4 scrolls of brand weapon
 h - a scroll of amnesia
 j - 3 scrolls of vulnerability
 l - 6 scrolls of teleportation
 J - 5 scrolls of immolation
 K - 2 scrolls of silence
 O - 7 scrolls of identify
 P - 2 scrolls of fog
Potions
 f - 2 potions of brilliance
 m - 4 potions of flight
 n - 7 potions of curing
 u - 3 potions of resistance
 w - 5 potions of attraction
 z - 4 potions of might
 A - 2 potions of berserk rage
 B - 3 potions of ambrosia
 E - 2 potions of invisibility
 F - 4 potions of lignification
 L - a potion of magic
 N - 4 potions of haste
 T - a potion of cancellation {unknown}
 X - a potion of mutation


   Skills:
 - Level 13.2 Fighting
 - Level 12.3 Dodging
 - Level 1.7 Stealth
 - Level 4.0 Shields
 - Level 13.2 Spellcasting
 + Level 9.6 Conjurations
 - Level 5.0 Hexes
 - Level 3.0 Transmutations
 - Level 4.0 Air Magic
 + Level 8.0 Earth Magic
 - Level 11.0 Invocations


You had 11 spell levels left.
You knew the following spells:

 Your Spells              Type           Power      Damage    Failure   Level
a - Shock                 Conj/Air       100%       1d9       1%          1
b - Swiftness             Air            47%        N/A       1%          3
c - Tukima's Dance        Hex            52%        N/A       1%          3
d - Stone Arrow           Conj/Erth      100%       3d13      1%          3
e - Blink                 Tloc           42%        N/A       4%          2
f - Passwall              Tmut/Erth      59%        N/A       1%          2
g - Leda's Liquefaction   Hex/Erth       38%        N/A       1%          4
h - Iron Shot             Conj/Erth      43%        9d8       12%         6
i - Yara's Violent Unrav  Hex/Tmut       23%        3d10      16%         5

Your spell library contained the following spells:

 Spells                   Type           Power      Damage    Failure   Level
 Beastly Appendage        Tmut           80%        N/A       1%          1
 Kiss of Death            Conj/Necr      100%       2d13      1%          1
 Sandblast                Erth           100%       2d20      1%          1
 Slow                     Hex            100%       N/A       1%          1
 Sting                    Tmut/Pois      100%       1d8       1%          1
 Ensorcelled Hibernation  Hex/Ice        74%        N/A       1%          2
 Momentum Strike          Conj/Tloc      100%       3d10      1%          2
 Searing Ray              Conj           100%       2d8       1%          2
 Static Discharge         Conj/Air       100%       2-7/arc   1%          2
 Wereblood                Tmut           40%        N/A       1%          2
 Confusing Touch          Hex            52%        N/A       1%          3
 Summon Small Mammal      Summ           84%        N/A       2%          1
 Summon Guardian Golem    Hex/Summ       37%        N/A       3%          3
 Spider Form              Tmut/Pois      30%        N/A       4%          3
 Airstrike                Air            23%        2d(4-20)  5%          4
 Animate Armour           Summ/Erth      100%       N/A       5%          4
 Call Canine Familiar     Summ           21%        N/A       9%          3
 Anguish                  Hex/Necr       18%        N/A       10%         4
 Silence                  Hex/Air        25%        N/A       12%         5
 Animate Dead             Necr           21%        N/A       28%         4
 Dispel Undead            Necr           21%        3d11      28%         4
 Manifold Assault         Tloc           21%        N/A       28%         4
 Olgreb's Toxic Radiance  Pois           21%        N/A       28%         4
 Passage of Golubria      Tloc           21%        N/A       28%         4
 Metabolic Englaciation   Hex/Ice        18%        N/A       28%         5
 Summon Mana Viper        Hex/Summ       37%        N/A       28%         5
 Simulacrum               Ice/Necr       10%        N/A       99%         6
 Storm Form               Tmut/Air       21%        N/A       99%         7
 Lehudib's Crystal Spear  Conj/Erth      43%        10d10     99%         8
 Haunt                    Necr/Summ      10%        N/A       100%        7
 Infestation              Necr           10%        N/A       100%        8
 Necromutation            Tmut/Necr      15%        N/A       100%        8


Dungeon Overview and Level Annotations

Branches:
Dungeon (15/15)            Temple (0/1) D:4            Lair (5/5) D:8
  Swamp (1/4) Lair:3        Snake (0/4) Lair:2        Slime (0/5) Lair:5
    Orc (2/2) D:10            Elf (0/3) Orc:2        Vaults (0/5) D:14
 Depths: D:15

Altars:
Okawaru
Sif Muna
Trog
Wu Jian

Shops:
D:10 [   Orc:2 =*([

Annotations:
D:5 Grinder
D:13 3 runed translucent doors, Wipuing's ghost, journeyman MiBe
D:15 3 runed translucent doors
Lair:4 2 transporters, relicbr's ghost, journeyman SpDe
Lair:5 1 runed translucent door


Innate Abilities, Weirdness & Mutations

You have very sharp fingernails.
A demonic guardian rushes to your aid.
Your demonic aura often causes spilled blood to erupt in flames.
You have an unusually large brain. (Int +2)
You are weak. (Str -2)


Message History

* * * LOW HITPOINT WARNING * * *
A demonic guardian appears!
The spriggan rider hits your orange demon with a +0 spear!
You take 6 damage, and have 20/124 hp.
You now have 29/41 mp.
Casting: Leda's Liquefaction (mildly dangerous; 1% risk of failure)
Confirm with . or Enter, or press ? or * to list all spells.
Aiming: Shock (safe; 1% risk of failure)
Press: ? - help, Shift-Dir - straight line, f/p - spriggan rider
Aim: a spriggan rider, wielding a +0 spear (moderately wounded, fast, 48% to hit)
Okay, then.
Casting: Shock (safe; 1% risk of failure)
Confirm with . or Enter, or press ? or * to list all spells.
Aiming: Stone Arrow (safe; 1% risk of failure)
Press: ? - help, Shift-Dir - straight line, f/p - spriggan rider
Aim: a spriggan rider, wielding a +0 spear (moderately wounded, fast, 55% to hit)
You feel a surge of power!
The stone arrow misses the spriggan rider.
The stone arrow hits the spriggan rider!!
The spriggan rider is heavily wounded.
You block the spriggan rider's attack.
The spriggan rider hits you but does no damage.
The spriggan rider hits your orange demon with a +0 spear!
Your orange demon becomes momentarily stuck in the liquid earth.
Your orange demon hits the spriggan rider!
You now have 26/41 mp.
Aiming: Stone Arrow (safe; 1% risk of failure)
Press: ? - help, Q - select action, (/) - cycle Shift-Dir - straight line, f/p - spriggan rider
Aim: a spriggan rider, wielding a +0 spear (moderately wounded, fast, 55% to hit)
You feel a surge of power!
The stone arrow misses the spriggan rider.
The spriggan rider hits you from afar with a +0 spear!
* * * LOW HITPOINT WARNING * * *
The spriggan rider is engulfed in blazing flames.
The spriggan rider hits your orange demon with a +0 spear.
Your orange demon misses the spriggan rider.
Your orange demon barely misses the spriggan rider.
You take 14 damage, and have 6/124 hp.
You now have 23/41 mp.
You feel better.
The spriggan rider hits you from afar with a +0 spear!
You die...

♣♣♣ ♣♣ ♣♣@♣♣
♣~♣♣ ♣~~~♣♣ )..♣
♣♣4♣i♣♣~.♣
♣..ii~..~♣
♣...)~..♣♣
♣...~...♣♣♣
♣♣...[....♣♣♣
♣.♣♣♣.~.♣~§.~.~.
~~~..~......~~..


You could see 3 spriggan riders and a friendly orange demon (summoned,
struggling).

Vanquished Creatures
  An orc warlord (Orc:2)
  A bunyip (Lair:3)
  An ettin (Orc:2)
  Josephine (D:14)
  A fire dragon (Lair:5)
  Harold (D:9)
  8 hydras
  A hydra (shapeshifter) (D:8)
  8 vault guards
  A catoblepas (Lair:4)
  A centaur warrior (D:12)
  An alligator (Lair:3)
  3 boulder beetles
  3 two-headed ogres
  7 death yaks
  A tengu warrior (D:14)
  2 orc high priests
  4 skeletal warriors (D:13)
  A skyshark (Lair:5)
  A swamp dragon (Lair:5)
  2 spriggan druids (Lair:3)
  4 deep elf pyromancers
  An orc knight (Orc:2)
  2 manticores
  An orc sorcerer (Orc:2)
  12 ugly things
  20 elephants
  3 black mambas
  A cyclops (D:15)
  A gargoyle (D:11)
  12 cane toads
  6 komodo dragons
  Maggie (D:10)
  2 unseen horrors (D:12)
  2 ice devils (D:11)
  An efreet (D:14)
  A kobold demonologist (D:11)
  2 rime drakes
  8 yaktaurs
  8 trolls
  6 polar bears
  A tyrant leech (Swamp:1)
  3 meliai (D:15)
  4 hornets
  3 centaur simulacra (D:12)
  22 blink frogs
  7 slime creatures
  4 spriggans
  9 wraiths
  A vampire (D:12)
  52 yaks
  11 basilisks
  4 shadows
  3 wyverns
  4 steam dragons
  A golden eye (shapeshifter) (D:15)
  14 vampire mosquitoes
  6 wargs
  4 nagas (Lair:2)
  A swamp worm (Swamp:1)
  18 water moccasins
  5 acid dragons
  5 swamp drakes
  A sky beast (D:7)
  33 orc warriors
  2 black bears
  An ice beast (D:12)
  5 ogres
  4 boggarts
  4 centaurs
  2 phantoms (D:10)
  17 wolves
  A kobold brigand (D:9)
  10 bullfrogs
  4 gnoll sergeants
  5 wights
  8 killer bees (D:7)
  2 electric eels
  4 howler monkeys
  19 orc priests
  6 hounds
  3 jellies
  A gnoll bouda (D:8)
  8 iguanas
  21 orc wizards
  5 ogre zombies (D:10)
  6 adders
  17 gnolls
  A shadow imp (D:7)
  6 white imps
  An ufetubus (D:5)
  A worm (D:3)
  61 orcs
  7 ball pythons
  7 bats
  4 endoplasms
  3 giant cockroaches
  14 goblins
  3 hobgoblins
  2 quokkas
  2 frilled lizards
  A goblin skeleton (D:10)
  3 goblin zombies (D:10)
  A hobgoblin skeleton (D:10)
  A hobgoblin zombie (D:10)
  8 kobolds
  2 orc skeletons (D:10)
  11 orc zombies (D:10)
  3 rats
657 creatures vanquished.

Vanquished Creatures (collateral kills)
  An entropy weaver (shapeshifter) (D:14)
  A hydra (Swamp:1)
  A boulder beetle (Lair:5)
  A death yak (Lair:4)
  A tengu warrior (D:14)
  A skyshark (Lair:5)
  A goliath frog (Swamp:1)
  A deep elf pyromancer (D:15)
  3 ugly things (D:14)
  A slime creature (D:13)
  A freezing wraith (D:15)
  An orc warrior (Orc:2)
  2 centaurs (Lair:4)
  A troll zombie (D:10)
  2 orc priests (D:3)
  A white imp (D:6)
  2 dart slugs
  An orc (D:3)
  An endoplasm (D:2)
  A bat (D:2)
  A goblin (D:2)
26 creatures vanquished.

Vanquished Creatures (others)
  A yak (D:12)
  2 dancing weapons
  A wolf (D:12)
  An orc (Orc:2)
  22 fungi
  32 plants
59 creatures vanquished.

Grand Total: 742 creatures vanquished

Notes
Turn   | Place    | Note
-------+----------+-------------------------------------------
     0 | D:1      | jasper the Demonspawn Air Elementalist began the quest for
                  | the Orb.
     0 | D:1      | Reached XP level 1. HP: 13/13 MP: 3/3
   348 | D:1      | Gained mutation: A weak demonic guardian rushes to your
                  | aid. [demonic ancestry]
   348 | D:1      | Reached XP level 2. HP: 19/19 MP: 3/5
   978 | D:1      | Identified a scroll of acquirement
   978 | D:1      | Acquired Pygowuid's Compilation of Malediction
  1503 | D:2      | Gained mutation: Your demonic aura sometimes causes spilled
                  | blood to erupt in flames. [demonic ancestry]
  1503 | D:2      | Reached XP level 3. HP: 24/24 MP: 4/6
  1507 | D:2      | Learned a level 3 spell: Swiftness
  1884 | D:3      | Found a shimmering blue altar of Sif Muna.
  1900 | D:3      | Became a worshipper of Sif Muna the Loreminder
  2091 | D:3      | Gained mutation: A demonic guardian rushes to your aid.
                  | [demonic ancestry]
  2091 | D:3      | Reached XP level 4. HP: 4/30 MP: 2/7
  2091 | D:3      | Gained mutation: You are weak. (Str -2) [potion of
                  | mutation]
  2139 | D:3      | Learned a level 3 spell: Tukima's Dance
  2212 | D:3      | Reached XP level 5. HP: 23/35 MP: 1/9
  2354 | D:3      | Found an ornate altar of the Wu Jian Council.
  3105 | D:4      | Reached * piety under Sif Muna
  3112 | D:4      | Reached skill level 1 in Hexes
  3191 | D:4      | Found a staircase to the Ecumenical Temple.
  3808 | D:5      | Entered Level 5 of the Dungeon
  3941 | D:5      | Reached XP level 6. HP: 35/41 MP: 0/10
  4335 | D:5      | Learned a level 3 spell: Stone Arrow
  4482 | D:5      | Learned a level 2 spell: Blink
  4625 | D:5      | Noticed Grinder
  4780 | D:6      | Found Wock's Antique Armour Shop.
  5013 | D:6      | Reached skill level 1 in Earth Magic
  5285 | D:6      | Gained mutation: You have sharp fingernails. [demonic
                  | ancestry]
  5285 | D:6      | Reached XP level 7. HP: 37/46 MP: 12/12
  5538 | D:6      | Noticed a cyclops
  5608 | D:7      | Noticed a two-headed ogre
  5614 | D:7      | Reached ** piety under Sif Muna
  5936 | D:7      | Reached skill level 5 in Conjurations
  5949 | D:7      | Reached XP level 8. HP: 52/52 MP: 3/14
  5952 | D:7      | Learned a level 2 spell: Passwall
  6364 | D:7      | Killed a two-headed ogre
  6365 | D:7      | Reached skill level 5 in Spellcasting
  6365 | D:7      | Reached skill level 5 in Earth Magic
  6366 | D:7      | Gained mutation: Your demonic aura often causes spilled
                  | blood to erupt in flames. [demonic ancestry]
  6366 | D:7      | Reached XP level 9. HP: 36/57 MP: 15/16
  6693 | D:7      | Reached skill level 1 in Invocations
  6892 | D:7      | Paralysed by an orc warrior for 3 turns
  7331 | D:8      | Reached skill level 5 in Invocations
  8081 | D:8      | Found a staircase to the Lair.
  8143 | D:8      | Noticed a six-headed hydra
  8147 | D:8      | Killed a six-headed hydra
  8399 | D:8      | Reached skill level 10 in Invocations
  8460 | D:8      | Gained mutation: You have very sharp fingernails. [demonic
                  | ancestry]
  8460 | D:8      | Reached XP level 10. HP: 47/63 MP: 11/18
  8637 | D:8      | Noticed a boulder beetle
  8654 | D:8      | Killed a boulder beetle
  8717 | D:8      | Noticed a five-headed hydra
  8721 | D:8      | Killed a five-headed hydra
  8810 | D:8      | Noticed a deep elf pyromancer
  8811 | D:8      | Killed a deep elf pyromancer
  8824 | D:8      | Learned a level 4 spell: Leda's Liquefaction
  8922 | D:8      | Identified the +6 quarterstaff of Winter {heavy, rPois
                  | Will+}
  8922 | D:8      | Identified the ring "Etogup" {rElec rF++ MP+9 Dex+3 Stlth-}
  9414 | D:9      | Reached *** piety under Sif Muna
  9921 | D:9      | Noticed Harold
  9931 | D:9      | Killed Harold
  9932 | D:9      | Reached skill level 5 in Fighting
  9932 | D:9      | Reached skill level 5 in Dodging
  9932 | D:9      | Reached XP level 11. HP: 60/79 MP: 18/21
 10660 | D:10     | Entered Level 10 of the Dungeon
 10929 | D:10     | Found a staircase to the Orcish Mines.
 11522 | D:10     | Noticed Maggie
 11541 | D:10     | Killed Maggie
 11643 | D:10     | Found Sigurd's Dragon-Slaying Spoils.
 12360 | D:11     | You fall into a shaft and drop 1 floor!
 12395 | D:12     | Reached **** piety under Sif Muna
 12518 | D:12     | Noticed a boulder beetle
 12535 | D:12     | Killed a boulder beetle
 12563 | D:11     | Noticed a two-headed ogre
 12566 | D:11     | Killed a two-headed ogre
 12686 | D:11     | Noticed a two-headed ogre
 12694 | D:11     | Killed a two-headed ogre
 13407 | D:11     | Gained mutation: You have an unusually large brain. (Int
                  | +2) [demonic ancestry]
 13407 | D:11     | Reached XP level 12. HP: 92/92 MP: 24/24
 13932 | Lair:1   | Entered Level 1 of the Lair of Beasts
 15476 | Lair:1   | Reached skill level 10 in Spellcasting
 16422 | Lair:2   | Found a staircase to the Snake Pit.
 16784 | Lair:3   | Noticed an eight-headed hydra
 16789 | Lair:3   | Killed an eight-headed hydra
 16907 | Lair:3   | Found a staircase to the Swamp.
 17150 | Lair:3   | Reached XP level 13. HP: 103/103 MP: 27/27
 17377 | Lair:3   | Reached skill level 10 in Fighting
 18942 | Lair:4   | Reached ***** piety under Sif Muna
 19105 | Lair:4   | Reached skill level 10 in Dodging
 19139 | Lair:4   | Found a transporter.
 19142 | Lair:4   | Found a transporter.
 19142 | Lair:4   | Noticed relicbr's ghost (journeyman SpDe)
 19165 | Lair:4   | Received a gift from Sif Muna
 19171 | Lair:4   | Got Sif Muna's Excursus on Striking {god gift}
 20531 | Lair:5   | Entered Level 5 of the Lair of Beasts
 20897 | Lair:5   | Found a runed translucent door.
 20902 | Lair:5   | Noticed an acid blob
 21450 | Lair:5   | Reached XP level 14. HP: 69/114 MP: 15/30
 22569 | Lair:5   | Found a staircase to the Slime Pits.
 23402 | Orc:1    | Entered Level 1 of the Orcish Mines
 23642 | Orc:1    | Found a bloodstained altar of Trog.
 23856 | Orc:2    | Entered Level 2 of the Orcish Mines
 24046 | Orc:2    | Received a gift from Sif Muna
 24047 | Orc:2    | Got Sif Muna's Omnibus of Fascination and Toxicants {god
                  | gift}
 24174 | Orc:2    | Noticed an orc warlord
 24193 | Orc:2    | Killed an orc warlord
 24708 | Orc:2    | Found Kuenkira's Antique Armour Emporium.
 24710 | Orc:2    | Found Omoegas's Antique Weapon Shoppe.
 24717 | Orc:2    | Bought a pair of glowing boots for 225 gold pieces
 24717 | Orc:2    | Bought a runed cloak for 225 gold pieces
 25072 | Orc:2    | Found a staircase to the Elven Halls.
 25442 | Orc:2    | Found Iweni Sob's Jewellery Emporium.
 26040 | Orc:2    | Found Nevvex's Assorted Antiques.
 26049 | Orc:2    | Bought a scroll of fog for 112 gold pieces
 26049 | Orc:2    | Bought a potion of lignification for 84 gold pieces
 26130 | Orc:2    | Found a shimmering blue altar of Sif Muna.
 28274 | D:13     | Received a gift from Sif Muna
 28282 | D:13     | Got Sif Muna's Anthology of Open Graves and the Ground {god
                  | gift}
 28290 | D:13     | Learned a level 6 spell: Iron Shot
 28296 | D:13     | Learned a level 5 spell: Yara's Violent Unravelling
 28677 | D:13     | Reached skill level 1 in Transmutations
 29159 | D:13     | Found a runed translucent gate.
 29159 | D:13     | Found a runed translucent gate.
 29161 | D:13     | Found a runed translucent gate.
 29163 | D:13     | Noticed Wipuing's ghost (journeyman MiBe)
 29167 | D:13     | Found an iron altar of Okawaru.
 29369 | D:13     | Reached XP level 15. HP: 76/124 MP: 26/32
 30043 | D:14     | Reached skill level 5 in Hexes
 30155 | D:14     | Noticed Josephine
 30163 | D:14     | Killed Josephine
 30697 | D:14     | Found a gate to the Vaults.
 31396 | D:15     | Entered Level 15 of the Dungeon
 31475 | D:15     | Reached skill level 1 in Shields
 32753 | D:15     | Found a runed translucent gate.
 32756 | D:15     | Found a runed translucent gate.
 32762 | D:15     | Found a runed translucent gate.
 33256 | Swamp:1  | Entered Level 1 of the Swamp
 34314 | Swamp:1  | HP: 6/124 [spriggan rider/+0 spear (15)]
 34315 | Swamp:1  | Slain by a spriggan rider

Illustrated notes

Levels and vault maps discovered:
D:1:      dpeg_arrival_rooms_with_view, layout_basic, serial_aquarium,
          aquarium_bridge_square [aquarium_subvault_bridge,
          aquarium_subvault_bridge, aquarium_subvault_window,
          aquarium_subvault_bridge], aquarium_window_corridor_3,
          aquarium_window_2, aquarium_view_4, aquarium_pool_2
D:2:      layout_rooms
D:3:      cheibrodos_pilgrimage, layout_rooms,
          mainiacjoe_overflow_catch_the_wave, mainiacjoe_overflow_chevrons,
          serial_curves, eino_curves_03, eino_curves_04
D:4:      layout_loops_ring, minmay_temple_entry_glassed_door, uniq_robin
D:5:      minmay_spotlight, layout_cave_pods, uniq_grinder
D:6:      layout_loops_corners, serial_shops, shop, uniq_edmund, uniq_duvessa,
          uniq_eustachio
D:7:      layout_loops_ring, nicolae_water_bricks, hex_large
D:8:      layout_basic, lair_entry_dummy, minmay_the_grid_2x2
          [minmay_the_grid_paths, minmay_the_grid_medium_cups,
          minmay_the_grid_stretched_grid, minmay_the_grid_prize_shrinking_boxes]
D:9:      layout_basic, uniq_harold
D:10:     layout_basic, zombieorc1_lemuel, nicolae_shop_dragon_depot,
          reono_crystal_passage, uniq_maggie
D:11:     layout_loops_ring, portal_ice_cave_demonic_guard
D:12:     wad_crossroads, layout_rooms, serial_ice, serial_ice_b, serial_ice_d,
          serial_ice_h, serial_ice_l, serial_ice_a, serial_ice_n
D:13:     layout_loops_ring, gammafunk_ghost_fury_of_okawaru
D:14:     layout_cave_pools, erik_vaults_2, minmay_hedge_maze, uniq_josephine
D:15:     hangedman_depths_entry_try_elsewhere_first, layout_cave_pools,
          gammafunk_ghost_cemetery
Lair:1:   layout_cave_pods, eino_small_chamber_without_monster, st_stairs_8,
          grunt_megastairs_2, infiniplex_staircase_pool_2
Lair:2:   layout_gridlike, minmay_snake_entry_guardpost_small
Lair:3:   layout_cave_pods, minmay_swamp_entry_reptiles
Lair:4:   beast_lair_carwin_large_1, layout_long_grid, gammafunk_ghost_arena,
          lemuel_centaur_altar, serial_bayou_shore_a
Lair:5:   guppyfry_lair_end_dragon, layout_hall_layers, slime_entry_2,
          serial_bayou_pond_e, kennysheep_basilisk_garden
Swamp:1:  layout_falls_marsh, evilmike_swamp_ruin_house_4, swamp_pool5,
          st_swamp_mini, uniq_donald
Orc:1:    layout_caves, basic_altar
Orc:2:    grunt_orc_community_town_hall, layout_diamond_mine,
          grunt_orc_community_big_house_1, grunt_orc_community_big_house_1,
          grunt_orc_community_house_3, grunt_orc_community_house_3,
          grunt_orc_community_house_3, grunt_orc_community_house_1,
          grunt_orc_community_house_1, kennysheep_orc_sif_temple

Skill      XL: |  1  2  3  4  5  6  7  8  9 10 11 12 13 14 15 |
---------------+----------------------------------------------+-----
Air Magic      | 3 4 |  4.0
Conjurations   | 2 3 5 7 9 |  9.6
Spellcasting   | 3 4 5 7 8 10 12 13 | 13.2
Hexes          | 2 3 4 5 |  5.0
Earth Magic    | 1 3 5 8 |  8.0
Invocations    | 11 | 11.0
Dodging        | 5 7 9 11 12 | 12.3
Fighting       | 5 7 9 11 13 | 13.2
Transmutations | 2 3 |  3.0
Shields        | 4 |  4.0
Stealth        | |  1.7

Action                     |  1- 3 |  4- 6 |  7- 9 | 10-12 | 13-15 || total
---------------------------+-------+-------+-------+-------+-------++-------
  Melee: Dagger            |    14 |    17 |     4 |       |       ||    35
         Unarmed           |       |     1 |       |       |       ||     1
         Staff             |       |       |     2 |    11 |    43 ||    56
   Cast: Shock             |    70 |   130 |    63 |       |       ||   263
         Stone Arrow       |       |       |    71 |   345 |   886 ||  1302
         Tukima's Dance    |       |       |    11 |     3 |     9 ||    23
         Leda's Liquefacti |       |       |       |     4 |    19 ||    23
         Blink             |       |       |       |       |     7 ||     7
         Yara's Violent Un |       |       |       |       |     2 ||     2
         Swiftness         |       |       |       |       |     1 ||     1
 Invoke: Channel Magic     |       |       |     1 |     6 |    17 ||    24
  Evoke: Wand              |       |       |     5 |     8 |     2 ||    15
    Use: Scroll            |     2 |    10 |     2 |    12 |     5 ||    31
         Potion            |     1 |     3 |     2 |       |     8 ||    14
 Armour: Robe              |     9 |     6 |     5 |     2 |       ||    22
         Skin              |       |     1 |       |       |       ||     1
         Steam dragon scal |       |       |       |    11 |   161 ||   172
  Dodge: Dodged            |    26 |    46 |    57 |    99 |   632 ||   860
  Block: Buckler           |       |       |       |       |    21 ||    21

Table legend: (Time is in decaauts)
 A = Elapsed time spent in this place.
 B = Non-inter-level travel time spent in this place.
 C = Inter-level travel time spent in this place.
 D = Time resting spent in this place.
 E = Time spent auto-exploring this place.
 F = Levels seen in this place.
 G = Mean time per level.
                   A        B        C        D        E       F      G
               +--------+--------+--------+--------+--------+-----+--------+
         Total |  34443 |  32799 |   1644 |   4888 |  24076 |  23 | 1497.5 |
       Dungeon |  20578 |  19516 |   1062 |   2896 |  14369 |  15 | 1371.9 |
          Lair |  10141 |   9727 |    414 |   1472 |   7200 |   5 | 2028.2 |
         Swamp |    359 |    359 |      0 |    234 |     46 |   1 |  359.0 |
  Orcish Mines |   3363 |   3197 |    166 |    286 |   2459 |   2 | 1681.5 |
               +--------+--------+--------+--------+--------+-----+--------+

Top non-repeatable levels by time:
  Lair:4: 2864 daAuts
   Orc:2: 2701 daAuts
     D:8: 2565 daAuts
  Lair:3: 2189 daAuts
  Lair:5: 2126 daAuts
    D:14: 2047 daAuts
    D:10: 1834 daAuts
    D:13: 1760 daAuts
  Lair:1: 1552 daAuts
     D:7: 1511 daAuts
    D:11: 1476 daAuts
  Lair:2: 1408 daAuts
     D:9: 1261 daAuts
    D:12: 1250 daAuts
    D:15: 1128 daAuts
